cohdb
Replays
Latest Replays
All Replays
Popular Replays
Top Player Replays
Match Explorer
How It Works
Community
CoH3 Stats
Reddit
Sign in to upload your games and track your stats! →
Sign in with Steam
Match 41796667
Unlisted
Match 41796667
Overview
Messages
Build Orders
End
Construct Infanterie Kompanie
Pioneer Squad
MG 42 Machine Gun Team
Selects Mechanized Battlegroup
Grenadier Squad
GrW 34 Mortar Team
Construct Panzergrenadier Kompanie
Panzergrenadier Squad
251 Medium Carrier
Medical Station
Selects Mobile Repair Stations
MG 42 Machine Gun Team
Pak 40 Anti-tank Gun Team
Selects Wespe Self-propelled Artillery
Support Elements
Grenadier Squad
Panzergrenadier Squad
Nebelwerfer 42 Rocket Launcher Team
StuG III G Assault Gun
MG 42 Machine Gun Team
Selects Raid Package
Selects Zeroing Artillery Barrage
Pioneer Squad
Quality *
Game-Go
カルト_くん
U NOOB EZ
0
0
Comments
sign in to comment!
No comments posted yet!